 Dungeon Crawl Stone Soup version 0.18-b1-14-g029dad2 (webtiles) character file.

37 Wooh the Slasher (level 3, -4/34 HPs)
             Began as a Naga Berserker on Apr 30, 2016.
             Was a Believer of Trog.
             Slain by an adder (5 damage)
             ... on level 2 of the Dungeon.
             The game lasted 00:03:31 (1182 turns).

Wooh the Slasher (Naga Berserker)                   Turns: 1182, Time: 00:03:32

Health: -4/34      AC:  2    Str: 19    XL:     3   Next: 39%
Magic:  3/3        EV: 10    Int:  7    God:    Trog [**....]
Gold:   85         SH:  0    Dex: 11    Spells: 0 memorised, 2 levels left

rFire  . . .     SeeInvis +     a - +0 falchion
rCold  . . .     Gourm    .     b - +0 animal skin
rNeg   . . .     Faith    .     (no shield)
rPois  +         Spirit   .     (no helmet)
rElec  .         Dismiss  .     (no cloak)
rCorr  .         Reflect  .     (no gloves)
SustAt .         Harm     .     (no barding)
MR     .....                    (no amulet)
Stlth  +.........               (no ring)
                                (no ring)

@: exhausted, slowed, very slow, not resistant to hostile enchantments, very
unstealthy
A: see invisible, deformed body, poison resistance, slowness 2, slow metabolism
1, spit poison 2, AC +1
a: Spit Poison, Berserk, Trog's Hand, Burn Spellbooks, Renounce Religion


You were on level 2 of the Dungeon.
You worshipped Trog.
Trog was pleased with you.
You were hungry.

You visited 1 branch of the dungeon, and saw 2 of its levels.

You collected 85 gold pieces.

Inventory:

Hand Weapons
 a - a +0 falchion (weapon)
Missiles
 h - 17 arrows
Armour
 b - a +0 animal skin (worn)
 k - a +3 scale mail
Scrolls
 i - a scroll of teleportation {unknown}
 j - 2 scrolls of identify {unknown}
Potions
 e - a potion of curing {unknown}
 g - 3 potions of flight {unknown}
Comestibles
 c - 2 bread rations
 d - a beef jerky
 f - 2 meat rations


   Skills:
 - Level 3.0 Fighting
 + Level 4.1 Long Blades
 * Level 1.9 Armour
 - Level 1.5 Dodging


You had 2 spell levels left.
You didn't know any spells.

Dungeon Overview and Level Annotations

Branches:
Dungeon (2/15)

Altars:

Annotations:
D:2 Robin


Innate Abilities, Weirdness & Mutations

You cannot wear boots.
Your serpentine skin is tough (AC +1).
You have supernaturally acute eyesight.
Armour fits poorly on your strangely shaped body.
Your system is resistant to poisons.
You cover ground very slowly.
You have a slow metabolism.
You can spit poison.


Message History

You slash the jackal!
You kill the jackal!
Trog accepts your kill. The jackal bites you.
* * * LOW HITPOINT WARNING * * *
You slash the jackal!
You kill the jackal!
Trog accepts your kill.
An adder comes into view.
You feel a strong urge to attack something.
Robin roars a battlecry!
You are no longer berserk.
You are exhausted.
You feel yourself slow down.
You are feeling hungry.
Robin says, "My army is invincible!"
Robin hits you from afar with a trident!
* * * LOW HITPOINT WARNING * * *
The adder bites you.
You die...

.....%.######..
............. ..
..)..#..# . #.#
#......##.. #.#
###†#......# #.#
#.........[. #.#
###....†..##.
#.# ##.g.###†#.#
###.###@S...##.#
..
#..............#
#.
#.............##
#.............#
#.....#......##
#.....#.....##
#............#
######.......#
.......#


You could see Robin and an adder.

Vanquished Creatures
  An adder (D:2)
  A dart slug (D:2)
  A ball python (D:1)
  A bat (D:1)
  8 goblins
  2 hobgoblins (D:1)
  2 jackals (D:2)
  3 kobolds (D:1)
  3 rats (D:1)
22 creatures vanquished.

Notes
Turn   | Place    | Note
--------------------------------------------------------------
     0 | D:1      | Wooh the Naga Berserker began the quest for the Orb.
     0 | D:1      | Reached XP level 1. HP: 21/21 MP: 1/1
   186 | D:1      | Reached XP level 2. HP: 8/28 MP: 2/2
   815 | D:2      | Noticed Robin
   826 | D:1      | HP: 1/42 [goblin[Robin] (5)]
   827 | D:1      | Reached ** piety under Trog
  1165 | D:2      | Reached skill level 4 in Long Blades
  1165 | D:2      | Reached XP level 3. HP: 16/34 MP: 3/3
  1182 | D:2      | HP: 1/34 [Robin/trident (9)]
  1182 | D:2      | Slain by an adder

Skill      XL: |  1  2 |
---------------+-------+-----
Long Blades    | 4 |  4.1
Fighting       | |  3.0
Armour         | |  1.9
Dodging        | |  1.5

Action                   || total
-------------------------++-------
Melee: Falchion          ||    62
Invok: Berserk           ||     4
 Abil: Spit Poison       ||     1
  Eat: Chunk             ||     3
Armor: Animal skin       ||     8
Dodge: Dodged            ||    46
